 Dungeon Crawl Stone Soup version 0.28-a0-773-g130ae17fe5 (webtiles) character file.

Game seed: 16055429506288914732

1166 cheechan the Covered (level 8, -1/73 HPs)
             Began as a Naga Fighter on Nov 1, 2021.
             Slain by a centaur skeleton (2 damage)
             ... on level 6 of the Dungeon.
             The game lasted 00:20:32 (4604 turns).

cheechan the Covered (Naga Fighter)                 Turns: 4604, Time: 00:20:32

Health: -1/73      AC:  0    Str: 19 (21) XL:     8   Next: 40%
Magic:  7/7        EV: 16    Int:  9      God:
Gold:   312        SH:  5    Dex:  9 (10) Spells: 7/7 levels left

rFire   . . .      SeeInvis +   h - +2 falchion (vamp)
rCold   . . .      Faith    .   c - +1 buckler
rNeg    . . .      Spirit   .   b - +0 scale mail
rPois   +          Reflect  .   (no helmet)
rElec   .          Harm     .   (no cloak)
rCorr   .          Rampage  .   w - +0 pair of gloves
Will    +....                   (no barding)
Stlth   ..........              (no amulet)
HPRegen 0.22/turn               g - +4 ring of evasion
MPRegen 0.10/turn               k - +4 ring of evasion

@: marked, corroded, very slow
A: AC +2, large, see invisible, deformed body, poison resistance, slowness 2,
spit poison 1, naga tail 1, deterioration 1, low mp 1, MP-powered wands, noise
suppression
a: Spit Poison


You were on level 6 of the Dungeon.
You visited 1 branch of the dungeon, and saw 6 of its levels.

You collected 408 gold pieces.
You spent 96 gold pieces at shops.

Inventory:

Hand Weapons
 a - a +0 spectral long sword
 h - a +2 vampiric falchion (weapon)
 s - a +2 flail of draining
 u - a +0 scythe of protection
 x - a +3 vorpal spear
 y - a +1 vorpal hand axe
 B - a +2 flail of protection
Missiles
 d - a curare-tipped dart
 i - 209 stones
 m - 24 bolts
 n - 34 poisoned darts
 p - 37 arrows
 q - 4 javelins
 A - 27 sling bullets
Armour
 b - a +0 scale mail (worn)
 c - a +1 buckler (worn)
 w - a +0 pair of gloves (worn)
Magical Staves
 v - a staff of poison
Jewellery
 g - a +4 ring of evasion (left hand)
 k - a +4 ring of evasion (right hand)
Wands
 r - a wand of iceblast (1)
Scrolls
 t - 2 scrolls of teleportation
Potions
 e - 6 potions of curing
 j - a potion of invisibility
 l - a potion of haste {unknown}
 o - 3 potions of lignification {unknown}
 z - a potion of attraction {unknown}


   Skills:
 + Level 4.4 Fighting
 + Level 4.2 Long Blades
 + Level 2.2 Maces & Flails
 + Level 3.2 Polearms
 + Level 4.9 Armour
 + Level 2.2 Dodging
 + Level 1.5 Stealth
 + Level 3.7 Shields


You had 7 spell levels left.
You didn't know any spells.
Your spell library contained the following spells:

 Spells                   Type           Power      Damage    Failure   Level
 Beastly Appendage        Tmut           0%         N/A       75%         1
 Sublimation of Blood     Necr           0%         N/A       86%         2
 Wereblood                Tmut           0%         N/A       86%         2
 Dazzling Flash           Conj/Hex       0%         N/A       98%         3
 Spider Form              Tmut/Pois      0%         N/A       98%         3
 Agony                    Necr           0%         N/A       100%        5
 Silence                  Hex/Air        0%         N/A       100%        5
 Summon Hydra             Summ           0%         N/A       100%        7


Dungeon Overview and Level Annotations

Branches:
Dungeon (6/15)
 Temple: D:4-7

Altars:
Ashenzari
The Shining One

Shops:
D:1 *   D:3 *   D:5 !


Innate Abilities, Weirdness & Mutations

Your serpentine skin is tough. (AC +2)
You have supernaturally acute eyesight. (SInv)
Armour fits poorly on your strangely shaped body.
Your system is resistant to poisons. (rPois)
You cover ground very slowly.
You can spit poison.
You have a snake-like lower body.
Your body sometimes deteriorates upon taking damage.
Your magical capacity is low. (-10% MP)
You expend magic power (3 MP) to strengthen your wands.
You passively dampen the noise of your surroundings.


Message History

You hit the jelly but do no damage.
Your hands burn!
* * * LOW HITPOINT WARNING * * *
The jelly is almost dead.
You block the ogre's attack. You block the white imp's attack.
The jelly barely misses you.
You hit the jelly.
You feel better.
You kill the jelly!
You block the ogre's attack. The white imp misses you.
You feel better. The centaur skeleton barely misses you.
The centaur skeleton kicks you. The white imp closely misses you.
The ogre hits you with a +0 giant club.
* * * LOW HITPOINT WARNING * * *
The centaur skeleton hits you.
* * * LOW HITPOINT WARNING * * *
The centaur skeleton barely misses you.
You hit the ogre but do no damage.
The ogre is heavily wounded.
The white imp gestures at you. The puff of frost hits you!
* * * LOW HITPOINT WARNING * * *
Your body deteriorates!
You feel clumsy.
The centaur skeleton closely misses you.
The centaur skeleton completely misses you.
You block the ogre's attack.
You feel better. The centaur skeleton hits you.
* * * LOW HITPOINT WARNING * * *
The centaur skeleton misses you.
The white imp grins evilly.
The white imp closely misses you.
You hit the ogre but do no damage.
The ogre is heavily wounded.
The centaur skeleton misses you.
The centaur skeleton closely misses you.
The ogre misses you. The white imp hits you.
* * * LOW HITPOINT WARNING * * *
The white imp freezes you.
* * * LOW HITPOINT WARNING * * *
You block the centaur skeleton's attack.
The centaur skeleton kicks you.
You die...

###### ######## .....#
#....... # .....# #.....
.# .....# #... ..#
.....######.###+####...###
...............5@Z........
?.........#.###..O..####.#
...######.#.# ###.#.#
.......##.#.# #.#.#
.......##.#.# #.#.#
......)..<#.# ....#
........#...# #....
............# #..##
.......###.##


You could see an ogre, a white imp and a centaur skeleton.

Vanquished Creatures
  Sigmund (D:4)
  An ogre (D:4)
  2 kobold brigands (D:4)
  A water moccasin skeleton (D:5)
  A bullfrog zombie (D:6)
  6 hounds
  A jelly (D:6)
  Terence (D:3)
  An iguana (D:5)
  Ijyb (D:5)
  4 orc wizards (D:5)
  A hound zombie (D:5)
  A hound skeleton (D:5)
  9 gnolls (D:4)
  A howler monkey skeleton (D:4)
  5 adders
  2 dart slugs (D:3)
  14 orcs
  4 ball pythons
  6 endoplasms
  6 giant cockroaches
  12 hobgoblins
  6 jackals
  44 kobolds
  4 quokkas
  A bat (D:3)
  3 frilled lizards
  8 goblins
  2 rats
149 creatures vanquished.

Notes
Turn   | Place    | Note
-------+----------+-------------------------------------------
     0 | D:1      | cheechan the Naga Fighter began the quest for the Orb.
     0 | D:1      | Reached XP level 1. HP: 21/21 MP: 1/1
    79 | D:1      | Found Beinuwk's Assorted Antiques.
   139 | D:1      | Reached XP level 2. HP: 25/28 MP: 2/2
   143 | D:1      | Found a faded altar of an unknown god.
   391 | D:1      | Gained mutation: You expend magic power (3 MP) to
                  | strengthen your wands. [potion of mutation]
   391 | D:1      | Gained mutation: Your movements are slightly less
                  | encumbered by armour. (ER -2) [potion of mutation]
   391 | D:1      | Gained mutation: You passively map a small area around you.
                  | [potion of mutation]
   628 | D:2      | Reached XP level 3. HP: 34/34 MP: 3/3
   981 | D:3      | Noticed Terence
   987 | D:3      | Killed Terence
   988 | D:3      | Reached XP level 4. HP: 19/42 MP: 4/4
  1402 | D:3      | Found Xeetz's Assorted Antiques.
  1490 | D:3      | Reached skill level 1 in Stealth
  1567 | D:3      | Found a glowing golden altar of the Shining One.
  1805 | D:3      | Reached XP level 5. HP: 49/49 MP: 5/5
  2060 | D:4      | Noticed Sigmund
  2072 | D:4      | Killed Sigmund
  2073 | D:4      | Reached skill level 1 in Maces & Flails
  2073 | D:4      | Reached skill level 1 in Dodging
  2073 | D:4      | Reached XP level 6. HP: 54/57 MP: 6/6
  2136 | D:4      | Found a broken altar of Ashenzari.
  2314 | D:4      | Reached XP level 7. HP: 53/63 MP: 7/7
  3166 | D:4      | Reached skill level 1 in Polearms
  3667 | D:5      | Entered Level 5 of the Dungeon
  3784 | D:5      | Reached XP level 8. HP: 49/72 MP: 8/8
  3933 | D:5      | Lost mutation: Your movements are slightly less encumbered
                  | by armour. (ER -2) [potion of mutation]
  3933 | D:5      | Lost mutation: You passively map a small area around you.
                  | [potion of mutation]
  3933 | D:5      | Gained mutation: Your magical capacity is low. (-10% MP)
                  | [potion of mutation]
  3933 | D:5      | Gained mutation: Your body sometimes deteriorates upon
                  | taking damage. [potion of mutation]
  3933 | D:5      | Gained mutation: You passively dampen the noise of your
                  | surroundings. [potion of mutation]
  4002 | D:5      | Found Pilierghur's Distillery.
  4026 | D:5      | Bought a potion of curing for 36 gold pieces
  4026 | D:5      | Bought a potion of heal wounds for 60 gold pieces
  4321 | D:5      | Noticed Ijyb
  4338 | D:5      | Killed Ijyb
  4597 | D:6      | HP: 3/72 [ogre (29)]
  4604 | D:6      | HP: 1/73 [white imp (4)]
  4604 | D:6      | Slain by a centaur skeleton

Illustrated notes

Levels and vault maps discovered:
D:1:      wheals_arrival_shading, layout_rooms, serial_shops,
          nicolae_shop_temple_entry_statues_fountains,
          ebering_ecumenical_altar_sacrificial, minmay_worlds_worst_comb
D:2:      layout_rooms
D:3:      layout_basic, old_standard_altar, serial_shops, shop, uniq_terence
D:4:      minmay_goblin_kobold_castle, layout_basic,
          nicolae_ashenzari_panopticon, uniq_sigmund
D:5:      corexii_shack_village, layout_loops_ring, serial_shops, shop,
          palyth_stone_intersect, uniq_ijyb
D:6:      layout_basic, minitemple

Skill      XL: |  1  2  3  4  5  6  7  8 |
---------------+-------------------------+-----
Armour         | 3 4 |  4.9
Stealth        | 1 |  1.5
Long Blades    | 3 4 |  4.2
Maces & Flails | 1 2 |  2.2
Dodging        | 1 2 |  2.2
Shields        | 3 |  3.7
Polearms       | 2 3 |  3.2
Fighting       | 4 |  4.4

Action                   |  1- 3 |  4- 6 |  7- 9 || total
-------------------------+-------+-------+-------++-------
Melee: Long sword        |    87 |    92 |       ||   179
       Flail             |       |    37 |    16 ||    53
       Spear             |       |       |   199 ||   199
       Falchion          |       |       |    98 ||    98
 Abil: Spit Poison       |     1 |     6 |       ||     7
  Use: Scroll            |     3 |     3 |     6 ||    12
       Potion            |     1 |       |     9 ||    10
Armor: Scale mail        |    32 |    32 |   113 ||   177
Dodge: Dodged            |    68 |   153 |   357 ||   578
Block: Buckler           |    20 |    32 |   117 ||   169

Table legend: (Time is in decaauts)
 A = Elapsed time spent in this place.
 B = Non-inter-level travel time spent in this place.
 C = Inter-level travel time spent in this place.
 D = Time resting spent in this place.
 E = Time spent auto-exploring this place.
 F = Levels seen in this place.
 G = Mean time per level.
                   A        B        C        D        E       F      G
               +--------+--------+--------+--------+--------+-----+--------+
         Total |   5970 |   5970 |      0 |    696 |      0 |   6 |  995.0 |
       Dungeon |   5970 |   5970 |      0 |    696 |      0 |   6 |  995.0 |
               +--------+--------+--------+--------+--------+-----+--------+

Top non-repeatable levels by time:
     D:4: 2096 daAuts
     D:3: 1335 daAuts
     D:5: 1046 daAuts
     D:1: 743 daAuts
     D:2: 563 daAuts
     D:6: 186 daAuts
